 Dungeon Crawl Stone Soup version 0.29-a0-925-g0a7a3d12f8 (webtiles) character file.

Game seed: 959738139285163230

91 quixfox the Digger (level 4, -4/24 HPs)
             Began as a Gargoyle Earth Elementalist on July 29, 2022.
             Slain by a gnoll
             ... wielding a +0 flail
              (9 damage)
             ... on level 2 of the Dungeon.
             The game lasted 00:02:53 (2124 turns).

quixfox the Digger (Gargoyle Earth Elementalist)    Turns: 2124, Time: 00:02:53

Health: -4/24      AC:  6    Str: 12    XL:     4   Next: 57%
Magic:  5/8        EV: 15    Int: 17    God:
Gold:   55         SH:  0    Dex: 10    Spells: 3/9 levels left

rFire   . . .      SeeInvis .   g - +0 short sword
rCold   . . .      Faith    .   (no shield)
rNeg    + . .      Spirit   .   a - +0 robe
rPois   ∞          Reflect  .   (no helmet)
rElec   +          Harm     .   (no cloak)
rCorr   .          Rampage  .   f - +0 pair of gloves
Will    .....                   (no boots)
Stlth   ++........              (no amulet)
HPRegen 0.08/turn               d - +4 ring of evasion
MPRegen 0.11/turn               (no ring)

@: no status effects
A: sickness immunity, AC +3, negative energy resistance 1, electricity
resistance, torment resistance 1, petrification resistance
a: no special abilities


You were on level 2 of the Dungeon.
You visited 1 branch of the dungeon, and saw 2 of its levels.

You collected 55 gold pieces.

Inventory:

Hand Weapons
 g - a +0 short sword (weapon)
Armour
 a - a +0 robe (worn)
 f - a +0 pair of gloves (worn)
Jewellery
 d - a +4 ring of evasion (left hand)
Scrolls
 c - 3 scrolls of identify
 e - a scroll of silence {unknown}
 m - 2 scrolls of summoning {unknown}
 p - a scroll of fear {unknown}
Potions
 b - 2 potions of magic
 h - a potion of lignification
 i - 3 potions of curing
 j - a potion of invisibility
 k - a potion of heal wounds {unknown}
 l - a potion of mutation {unknown}
 n - 2 potions of haste {unknown}
 o - a potion of resistance {unknown}


   Skills:
 - Level 1.5 Dodging
 - Level 2.1 Stealth
 + Level 3.1 Spellcasting
 + Level 1.6 Conjurations
 - Level 0.7 Transmutations
 + Level 4.8 Earth Magic


You had 3 spell levels left.
You knew the following spells:

 Your Spells              Type           Power      Damage    Failure   Level
a - Sandblast             Erth           38%        2d10      2%          1
b - Passwall              Tmut/Erth      10%        N/A       9%          2
c - Stone Arrow           Conj/Erth      26%        3d8       14%         3

Your spell library contained the following spells:

 Spells                   Type           Power      Damage    Failure   Level
 Shock                    Conj/Air       20%        1d4       12%         1
 Ozocubu's Armour         Ice            2%         N/A       45%         3
 Swiftness                Air            2%         N/A       45%         3
 Petrify                  Tmut/Erth      12%        N/A       47%         4
 Airstrike                Air            1%         0-2+      86%         4
 Ozocubu's Refrigeration  Ice            1%         4d5       100%        7


Dungeon Overview and Level Annotations

Branches:
Dungeon (2/15)

Altars:


Innate Abilities, Weirdness & Mutations

You are immune to sickness and miasma.
Your stone body is resilient. (AC +3)
You are immune to poison.
You resist negative energy. (rN+)
You are resistant to electric shocks. (rElec)
You are resistant to unholy torment.
You are immune to petrification.


Message History

You become entangled in the net!
You see here a throwing net.
You are held in a net!
You struggle against the net.
A gnoll comes into view. It is wielding a +0 club.
You struggle against the net.
You struggle against the net.
You shred the net and break free! The gnoll attacks as you move away!
The gnoll hits you with a +0 club.
Aiming: Sandblast (safe; 2% risk of failure)
Press: ? - help, Q - select action, (/) - cycle Shift-Dir - straight line, f - gnoll
Aim: a gnoll, wielding a +0 club (84% to hit)
The blast of sand hits the gnoll!
The gnoll is almost dead.
The gnoll hits you with a +0 club. The gnoll barely misses you.
Aiming: Sandblast (safe; 2% risk of failure)
Press: ? - help, Q - select action, (/) - cycle Shift-Dir - straight line, f/p - gnoll
Aim: a gnoll, wielding a +0 club (almost dead, 84% to hit)
The blast of sand hits the gnoll!
You kill the gnoll!
A gnoll comes into view. It is wielding a +0 flail.
The gnoll closely misses you.
Aiming: Sandblast (safe; 2% risk of failure)
Press: ? - help, Q - select action, (/) - cycle Shift-Dir - straight line, f - gnoll
Aim: a gnoll, wielding a +0 flail (84% to hit)
The blast of sand hits the gnoll.
The gnoll is moderately wounded.
A gnoll comes into view. It is wielding a +0 spear.
The gnoll barely misses you. The gnoll hits you with a +0 flail!
Aiming: Sandblast (safe; 2% risk of failure)
Press: ? - help, Q - select action, (/) - cycle Shift-Dir - straight line, f/p - gnoll
Aim: a gnoll, wielding a +0 flail (moderately wounded, 84% to hit)
The blast of sand misses the gnoll.
The blast of sand hits the gnoll!
You kill the gnoll!
The gnoll hits you with a +0 flail.
* * * LOW HITPOINT WARNING * * *
The gnoll closely misses you. The gnoll attacks as you move away!
The gnoll misses you. The gnoll attacks as you move away!
The gnoll hits you with a +0 flail!
You die...

#.########## #.# ##.##
#)# #...### #.#
..#...##### #.#
#...#.....# #.#
##.######.# #g# .#.###
##.## #.#
.....###...######g#######
.#.#............@........
##<#####...##############
##.# ##### #.# ##.# ...#
####


You could see 2 gnolls.

Vanquished Creatures
  2 gnolls (D:2)
  2 adders (D:2)
  2 worms (D:2)
  2 dart slugs
  4 endoplasms
  2 goblins (D:2)
  4 hobgoblins
  7 jackals (D:1)
  3 kobolds (D:1)
  3 ball pythons
  5 bats
  3 frilled lizards
  5 rats
44 creatures vanquished.

Notes
Turn   | Place    | Note
-------+----------+-------------------------------------------
     0 | D:1      | quixfox the Gargoyle Earth Elementalist began the quest for
                  | the Orb.
     0 | D:1      | Reached XP level 1. HP: 10/10 MP: 3/3
   158 | D:1      | Reached XP level 2. HP: 15/15 MP: 0/5
   232 | D:1      | Reached skill level 4 in Earth Magic
   662 | D:1      | Reached XP level 3. HP: 17/19 MP: 0/6
   665 | D:1      | Learned a level 2 spell: Passwall
   669 | D:1      | Learned a level 3 spell: Stone Arrow
  1670 | D:2      | Reached skill level 1 in Conjurations
  1670 | D:2      | Reached XP level 4. HP: 24/24 MP: 5/8
  2124 | D:2      | Slain by a gnoll

Illustrated notes

Levels and vault maps discovered:
D:1:      mrwooster_arrival_statue, layout_basic, hex_medium,
          nicolae_eternal_life
D:2:      layout_loops_ring, corexii_item_surrounded_by_moat,
          hangedman_decor_slide_cut

Skill      XL: |  1  2  3  4 |
---------------+-------------+-----
Earth Magic    | 4 |  4.8
Conjurations   | 1 |  1.6
Spellcasting   | 3 |  3.1
Dodging        | |  1.5
Stealth        | |  2.1
Transmutations | |  0.7

Action                   |  1- 3 |  4- 6 || total
-------------------------+-------+-------++-------
Melee: Short sword       |     2 |       ||     2
       Unarmed           |     2 |       ||     2
 Cast: Sandblast         |    50 |    17 ||    67
  Use: Scroll            |     3 |       ||     3
Armor: Robe              |    17 |       ||    17
Dodge: Dodged            |    33 |     5 ||    38

Table legend: (Time is in decaauts)
 A = Elapsed time spent in this place.
 B = Non-inter-level travel time spent in this place.
 C = Inter-level travel time spent in this place.
 D = Time resting spent in this place.
 E = Time spent auto-exploring this place.
 F = Levels seen in this place.
 G = Mean time per level.
                   A        B        C        D        E       F      G
               +--------+--------+--------+--------+--------+-----+--------+
         Total |   2190 |   2181 |      9 |      0 |   1873 |   2 | 1095.0 |
       Dungeon |   2190 |   2181 |      9 |      0 |   1873 |   2 | 1095.0 |
               +--------+--------+--------+--------+--------+-----+--------+

Top non-repeatable levels by time:
     D:1: 1188 daAuts
     D:2: 1001 daAuts
